 Dungeon Crawl Stone Soup version 0.31-a0-1540-g5a0b83f448 (webtiles) character file.

Game seed: 2727140921374309091

126 Aldia the Shooter (level 5, 0/41 HPs)
             Began as a Formicid Hunter on Jan 2, 2024.
             Was a Follower of Zin.
             Slain by a centaur (5 damage)
             ... on level 5 of the Dungeon.
             The game lasted 00:05:10 (1665 turns).

Aldia the Shooter (Formicid Hunter)                 Turns: 1665, Time: 00:05:11

Health: 0/41       AC:  5    Str: 16    XL:     5   Next: 31%
Magic:  5/5        EV: 11    Int:  8    God:    Zin [*.....]
Gold:   132        SH:  5    Dex: 19    Spells: 4/4 levels left

rFire   + . .        a - +0 shortbow
rCold   . . .        j - +0 buckler
rNeg    . . .        r - +0 ring mail
rPois   .            (helmet unavailable)
rElec   .            (no cloak)
rCorr   .            (no gloves)
SInv    +            (no boots)
Will    .....        f - amulet of the acrobat
Stlth   ++           p - ring of protection from fire
HPRegen 0.26/turn    (no ring)
MPRegen 0.09/turn

%: acrobat
@: no status effects
A: permanent stasis, dig shafts and tunnels, antennae 3, four strong arms
a: Dig, Shaft Self, Renounce Religion, Recite, Donate Gold


You were on level 5 of the Dungeon.
You worshipped Zin.
Zin was aware of your devotion.
You visited 1 branch of the dungeon, and saw 4 of its levels.

You collected 146 gold pieces.
You donated 14 gold pieces to Zin.

Inventory:

Hand Weapons
 a - a +0 shortbow (weapon)
Armour
 c - a +0 leather armour
 j - a +0 buckler (worn)
 r - a +0 ring mail (worn)
Jewellery
 f - an amulet of the acrobat (around neck)
 p - a ring of protection from fire (left hand)
Talismans
 q - a beast talisman
Scrolls
 b - a scroll of butterflies
 i - a scroll of amnesia {unknown}
 k - a scroll of immolation {unknown}
 l - a scroll of identify {unknown}
 n - a scroll of blinking {unknown}
 o - a scroll of teleportation {unknown}
Potions
 d - a potion of curing
 e - 2 potions of mutation {unknown}
 h - 2 potions of lignification {unknown}
 m - a potion of attraction {unknown}


   Skills:
 + Level 3.1 Fighting
 * Level 5.0 Ranged Weapons
 + Level 1.2 Armour
 - Level 2.2 Dodging
 - Level 1.8 Stealth
 - Level 1.0 Shields
 + Level 1.3 Invocations


You had 4 spell levels left.
You didn't know any spells.
Your spell library contained the following spells:

 Spells                   Type           Power      Damage    Failure   Level
 Cause Fear               Hex            0%         N/A       100%        4
 Fireball                 Conj/Fire      0%         3d3       100%        5
 Dragon's Call            Summ           0%         N/A       100%        9


Dungeon Overview and Level Annotations

Branches:
Dungeon (3/15)

Altars:
Makhleb
Zin

Shops:
D:2 :


Innate Abilities, Weirdness & Mutations

You cannot be hasted, slowed, berserked, paralysed or teleported.
You can dig through walls and to a lower floor.
You have a pair of large antennae on your head. (SInv)
Your four strong arms can wield two-handed weapons with a shield.


Message History

The centaur shoots an arrow.
The arrow hits you!
* * * LOW HITPOINT WARNING * * *
The centaur shoots an arrow.
The arrow hits you.
* * * LOW HITPOINT WARNING * * *
Your Fighting skill increases to level 3!
Your Ranged Weapons skill increases to level 5!
Your Armour skill increases to level 1!
Your Invocations skill increases to level 1!
You have reached level 5!
The centaur unwields a +0 orcbow.
The centaur completely misses you. x4
You shoot an arrow. The arrow hits the centaur.
The centaur is lightly wounded.
The centaur hits you.
* * * LOW HITPOINT WARNING * * *
The centaur closely misses you. You block the centaur's attack.
The centaur kicks you but does no damage.
Unknown command.
It was a potion of curing.
You feel better. You block the centaur's attack. x2
Unknown command.
You shoot an arrow. The arrow barely misses the centaur.
The centaur hits you but does no damage.
The centaur kicks you but does no damage.
The centaur hits you.
* * * LOW HITPOINT WARNING * * *
The centaur closely misses you.
You shoot an arrow.
The arrow hits the centaur but does no damage.
The centaur is lightly wounded.
You block the centaur's attack. The centaur closely misses you. x2
The centaur barely misses you.
You shoot an arrow. The arrow closely misses the centaur.
The centaur hits you.
* * * LOW HITPOINT WARNING * * *
The centaur misses you. The centaur barely misses you.
You block the centaur's attack.
You shoot an arrow. The arrow hits the centaur.
The centaur is heavily wounded.
The centaur closely misses you.
The centaur kicks you but does no damage.
The centaur hits you.
You die...

#... ..# #.## ...
#.# #.# #.# #.#
#.# ,..# #.#
#.#####.# #.#
#......c# #.#
#@#############.#
#)............).#
#################


You could see a centaur.

Vanquished Creatures
  A centaur (D:5)
  3 dart slugs
  3 orcs (D:3)
  3 endoplasms
  2 giant cockroaches
  2 goblins (D:1)
  4 hobgoblins
  6 jackals (D:2)
  4 kobolds (D:1)
  3 ball pythons
  3 bats
  2 frilled lizards
  2 rats (D:1)
38 creatures vanquished.

Notes
Turn   | Place    | Note
-------+----------+-------------------------------------------
     0 | D:1      | Aldia the Formicid Hunter began the quest for the Orb.
     0 | D:1      | Reached XP level 1. HP: 16/16 MP: 1/1
   138 | D:1      | Reached XP level 2. HP: 23/23 MP: 2/2
   683 | D:2      | Reached XP level 3. HP: 28/28 MP: 3/3
   683 | D:2      | Found Omats's Vocational Training.
  1110 | D:3      | Found a burning altar of Makhleb.
  1228 | D:3      | Reached skill level 1 in Shields
  1280 | D:3      | Found a glowing silver altar of Zin.
  1280 | D:3      | Noticed an angel
  1281 | D:3      | Noticed a balrug
  1437 | D:3      | Became a worshipper of Zin the Law-Giver
  1437 | D:3      | Reached * piety under Zin
  1487 | D:3      | Reached XP level 4. HP: 34/34 MP: 4/4
  1498 | D:3      | Noticed an orc warrior
  1507 | D:3      | You fall into a shaft and drop 2 floors!
  1507 | D:5      | Entered Level 5 of the Dungeon
  1652 | D:5      | Noticed a centaur
  1654 | D:5      | Noticed a centaur
  1658 | D:5      | Killed a centaur
  1659 | D:5      | Reached skill level 5 in Ranged Weapons
  1659 | D:5      | Reached skill level 1 in Armour
  1659 | D:5      | Reached skill level 1 in Invocations
  1659 | D:5      | Reached XP level 5. HP: 7/41 MP: 5/5
  1660 | D:5      | HP: 2/41 [centaur (5)]
  1665 | D:5      | Slain by a centaur

Illustrated notes

Levels and vault maps discovered:
D:1:      roadster_arrival_rocket_small, layout_basic
D:2:      layout_rooms, nicolae_shop_vocational
D:3:      layout_basic, grunt_temple_overflow_order_and_chaos_2
D:5:      layout_loops_ring, nzn_overflow_gifts_of_might_and_magic,
          slow_altar_2, chequers_temple_overflow_statue_of_worship,
          lemuel_temple_firewalk_b

Skill      XL: |  1  2  3  4 |
---------------+-------------+-----
Dodging        | 2 |  2.2
Shields        | 1 |  1.0
Fighting       | 3 |  3.1
Ranged Weapons | 5 |  5.0
Armour         | 1 |  1.2
Invocations    | 1 |  1.3
Stealth        | |  1.8

Action                     |  1- 3 |  4- 6 || total
---------------------------+-------+-------++-------
   Fire: Shortbow          |   112 |    16 ||   128
Ability: Shaft Self        |       |     1 ||     1
    Use: Potion            |       |     1 ||     1
 Armour: Leather armour    |    19 |       ||    19
         Ring mail         |    14 |    19 ||    33
  Dodge: Dodged            |    36 |    20 ||    56
  Block: Buckler           |    14 |    11 ||    25

Table legend: (Time is in decaauts)
 A = Elapsed time spent in this place.
 B = Non-inter-level travel time spent in this place.
 C = Inter-level travel time spent in this place.
 D = Time resting spent in this place.
 E = Time spent auto-exploring this place.
 F = Levels seen in this place.
 G = Mean time per level.
                   A        B        C        D        E       F      G
               +--------+--------+--------+--------+--------+-----+--------+
         Total |   1699 |   1574 |    125 |    141 |   1106 |   4 |  424.8 |
       Dungeon |   1699 |   1574 |    125 |    141 |   1106 |   4 |  424.8 |
               +--------+--------+--------+--------+--------+-----+--------+

Top non-repeatable levels by time:
     D:1: 665 daAuts
     D:2: 490 daAuts
     D:3: 382 daAuts
     D:5: 160 daAuts
